 Dungeon Crawl Stone Soup version 0.31-a0-655-gf2d5465dac (webtiles) character file.

Game seed: 10863219631047474369

7346 GordonOverkill the Grappler (level 10, 0/107 HPs)
             Began as a Troll Delver on Aug 29, 2023.
             Was an Elder of Qazlal.
             Slain by an eight-headed hydra (8 damage)
             ... on level 9 of the Dungeon.
             The game lasted 00:14:08 (5678 turns).

GordonOverkill the Grappler (Troll Delver)          Turns: 5678, Time: 00:14:08

Health: 0/107      AC: 11    Str: 26    XL:     10   Next: 91%
Magic:  9/12       EV: 11    Int:  6    God:    Qazlal [****..]
Gold:   651        SH:  5    Dex: 17    Spells: 9/9 levels left

rFire   + .          .
                       - Unarmed
rCold   . . .        (no shield)
rNeg    . . .        y - +2 robe {rF+}
rPois   .            n - +2 hat
rElec   .            o - +2 cloak
rCorr   .            (gloves unavailable)
SInv    +            (boots unavailable)
Will    .....        (no amulet)
Stlth   +            s - +6 ring of dexterity
HPRegen 1.17/turn    E - ring of see invisible
MPRegen 0.13/turn

%: repel missiles
@: no status effects
A: large, unfitting armour, claws 3, regeneration 1, shaggy fur 1, tough skin 1
a: Renounce Religion, Upheaval, Elemental Force


You were on level 9 of the Dungeon.
You worshipped Qazlal.
Qazlal was greatly pleased with you.
You visited 2 branches of the dungeon, and saw 10 of its levels.

You collected 651 gold pieces.

Inventory:

Missiles
 j - 2 throwing nets
 k - 4 javelins (quivered)
Armour
 n - a +2 hat (worn)
 o - a +2 cloak (worn)
 y - a +2 robe of fire resistance (worn)
Jewellery
 s - a +6 ring of dexterity (left claw)
 x - a ring of magical power
 E - a ring of see invisible (right claw)
Wands
 f - a wand of digging (3)
 g - a wand of polymorph (6)
 l - a wand of flame (7)
 G - a wand of light (6)
Scrolls
 b - a scroll of fog
 c - 3 scrolls of revelation
 m - 2 scrolls of torment
 p - a scroll of butterflies
 q - 5 scrolls of teleportation
 t - a scroll of poison
 B - a scroll of enchant armour {unknown}
 C - a scroll of silence {unknown}
 D - a scroll of vulnerability {unknown}
 F - a scroll of enchant weapon {unknown}
 H - a scroll of brand weapon
Potions
 a - 3 potions of curing
 e - 3 potions of haste
 h - a potion of brilliance
 i - a potion of enlightenment
 r - 2 potions of ambrosia
 u - 2 potions of lignification
 v - 2 potions of attraction
 w - a potion of magic
 z - a potion of heal wounds


   Skills:
 + Level 9.5 Fighting
 - Level 1.0 Throwing
 - Level 4.0 Dodging
 - Level 2.7 Stealth
 - Level 11.0 Unarmed Combat
 - Level 4.0 Invocations
 - Level 2.0 Evocations


You had 9 spell levels left.
You didn't know any spells.
Your spell library contained the following spells:

 Spells                   Type           Power      Damage    Failure   Level
 Slow                     Hex            0%         N/A       45%         1
 Poisonous Vapours        Pois/Air       0%         N/A       58%         2
 Sublimation of Blood     Necr           0%         N/A       58%         2
 Call Canine Familiar     Summ           0%         N/A       83%         3
 Confusing Touch          Hex            0%         N/A       83%         3
 Inner Flame              Hex/Fire       0%         N/A       83%         3
 Mephitic Cloud           Conj/Pois/Air  0%         N/A       83%         3
 Portal Projectile        Hex/Tloc       0%         N/A       83%         3
 Vampiric Draining        Necr           0%         2d6       83%         3
 Leda's Liquefaction      Hex/Erth       0%         N/A       99%         4
 Petrify                  Tmut/Erth      0%         N/A       99%         4
 Freezing Cloud           Conj/Ice/Air   0%         6-21      100%        5
 Irradiate                Conj/Tmut      0%         3d11      100%        5
 Yara's Violent Unravell  Hex/Tmut       0%         3d3       100%        5
 Enfeeble                 Hex            0%         N/A       100%        7


Dungeon Overview and Level Annotations

Branches:
Dungeon (9/15)             Temple (1/1) D:6            Lair (0/5) D:9
    Orc: D:9-12

Altars:
Ashenzari
Cheibriados
Dithmenos
Elyvilon
Fedhas
Gozag
Hepliaklqana
Kikubaaqudgha
Makhleb
Nemelex Xobeh
Okawaru
Qazlal
Ru
Sif Muna
Trog
Uskayaw
Vehumet
Wu Jian
Xom
Yredelemnul
Zin
The Shining One

Shops:
D:4 =   D:5 :


Innate Abilities, Weirdness & Mutations

You are too large for most types of armour.
You have claws for hands.
Your natural rate of healing is unusually fast.
You are covered in fur. (AC +1)
You have tough skin. (AC +1)


Message History

You claw the two-headed ogre!
The two-headed ogre is heavily wounded.
The two-headed ogre is engulfed in blazing flames.
The two-headed ogre barely misses you. x2; The bullfrog closely misses you.
You claw the two-headed ogre!
The two-headed ogre is almost dead.
The bullfrog hits you but does no damage.
The two-headed ogre is engulfed in blazing flames.
You kill the two-headed ogre!
Qazlal accepts your kill.
You strike the helpless bullfrog from behind!
You mangle the bullfrog!!
You kill the bullfrog!
Qazlal accepts your kill.
You claw the two-headed ogre!
The two-headed ogre is moderately wounded.
The eight-headed hydra is engulfed in blazing flames.
The eight-headed hydra bites you.
You block the eight-headed hydra's attack.
The eight-headed hydra bites you!
The eight-headed hydra bites you but does no damage. x2
The eight-headed hydra bites you! The eight-headed hydra bites you. x2
* * * LOW HITPOINT WARNING * * *
The two-headed ogre hits you with a +0 giant spiked club!!
* * * LOW HITPOINT WARNING * * *
The two-headed ogre hits you with a +0 giant club!!
* * * LOW HITPOINT WARNING * * *
As you read the scroll of fear, it crumbles to dust.
You assume a fearsome visage.
The ice beast looks frightened! x2
The two-headed ogre looks frightened!
The eight-headed hydra resists with almost no effort.
The eight-headed hydra bites you!
* * * LOW HITPOINT WARNING * * *
The eight-headed hydra bites you.
* * * LOW HITPOINT WARNING * * *
The eight-headed hydra bites you but does no damage.
The eight-headed hydra barely misses you.
The eight-headed hydra bites you but does no damage.
The eight-headed hydra bites you!
You die...

#D#......#.#..
######.#.#...Y....Y
#........##......#.
######.#...#.......
#.###.........
#######.########....
#.........### #.##.
#.<.DY........ .....
#..@OY.....#########
#.ยง.......##
#.โ—‹โ—‹.โ—‹....#
#.........#
#.........#
#...$.....#
#.........#
#.......>.#


You could see an eight-headed hydra, a two-headed ogre (blind, fleeing) and 2
ice beasts.

Vanquished Creatures
  A hydra (D:9)
  A two-headed ogre (D:9)
  Pikel (D:5)
  A cyclops (D:9)
  A rime drake (D:9)
  Jeremiah (D:7)
  A hornet (D:7)
  Prince Ribbit (D:6)
  Sigmund (D:3)
  5 yaks (D:8)
  A wyvern (shapeshifter) (D:8)
  A wyvern (D:9)
  A steam dragon (D:9)
  An acid dragon (D:8)
  An orc warrior (D:9)
  2 sky beasts
  An ice beast (D:9)
  4 black bears
  2 wolves (D:9)
  An ogre (D:5)
  2 lemures (D:5)
  A centaur (D:8)
  3 phantoms
  A kobold brigand (D:7)
  A bullfrog (D:9)
  5 scorpions
  8 wights
  A howler monkey (D:6)
  2 hounds
  A jelly (D:4)
  2 gnoll boudas
  6 orc priests
  A sleepcap (D:8)
  3 iguanas
  9 orc wizards
  Robin (D:3)
  4 adders
  7 gnolls
  A shadow imp (D:6)
  2 white imps
  3 ufetubi
  A worm (D:3)
  4 dart slugs
  13 orcs
  3 ball pythons
  5 endoplasms
  4 giant cockroaches
  13 goblins
  10 hobgoblins
  3 jackals (D:1)
  5 kobolds
  8 quokkas
  4 bats
  4 frilled lizards
  4 rats
  4 butterflies (D:4)
178 creatures vanquished.

Notes
Turn   | Place    | Note
-------+----------+-------------------------------------------
     0 | D:5      | GordonOverkill the Troll Delver began the quest for the
                  | Orb.
     0 | D:5      | Reached XP level 1. HP: 22/22 MP: 0/0
    26 | D:5      | Noticed an iguana
    72 | D:6      | Noticed Prince Ribbit
    96 | D:6      | Found a staircase to the Ecumenical Temple.
    97 | D:6      | Noticed a phantom
   113 | D:6      | Killed a phantom
   114 | D:6      | Reached skill level 3 in Unarmed Combat
   114 | D:6      | Reached XP level 2. HP: 27/31 MP: 1/1
   114 | D:6      | Reached XP level 3. HP: 33/37 MP: 2/2
   114 | D:6      | Reached XP level 4. HP: 40/45 MP: 3/3
   134 | Temple   | Entered the Ecumenical Temple
   163 | Temple   | Became a worshipper of Qazlal Stormbringer
   190 | D:6      | Found a glowing silver altar of Zin.
   204 | D:5      | Noticed a lemure
   205 | D:5      | Noticed a lemure
   205 | D:5      | Noticed a lemure
   208 | D:5      | Noticed Pikel
   221 | D:5      | Killed a lemure
   234 | D:5      | Killed a lemure
   236 | D:5      | Reached skill level 4 in Unarmed Combat
   250 | D:5      | Noticed a scorpion
   251 | D:5      | Noticed a black bear
   367 | D:4      | Noticed a scorpion
   382 | D:4      | Killed a scorpion
   419 | D:4      | Found Usoojoh's Jewellery Shop.
   424 | D:4      | Reached XP level 5. HP: 53/53 MP: 4/4
   466 | D:4      | Reached skill level 5 in Unarmed Combat
   548 | D:3      | Found an opulent altar of Gozag.
   549 | D:3      | Found an ancient bone altar of Kikubaaqudgha.
   551 | D:3      | Found an iron altar of Okawaru.
   606 | D:3      | Reached skill level 1 in Throwing
  1053 | D:1      | Reached skill level 1 in Invocations
  1082 | D:1      | Reached * piety under Qazlal
  1768 | D:2      | Found a radiant altar of Vehumet.
  2056 | D:3      | Reached ** piety under Qazlal
  2139 | D:3      | Noticed Robin
  2158 | D:3      | Killed Robin
  2239 | D:3      | Reached XP level 6. HP: 61/61 MP: 6/6
  2307 | D:3      | Noticed Sigmund
  2314 | D:3      | Killed Sigmund
  2774 | D:4      | Found a shimmering altar of Xom.
  2785 | D:4      | Reached XP level 7. HP: 70/70 MP: 8/8
  2807 | D:4      | Found a white marble altar of Elyvilon.
  2917 | D:4      | Reached skill level 6 in Unarmed Combat
  3154 | D:5      | Killed Pikel
  3155 | D:5      | Reached skill level 7 in Unarmed Combat
  3155 | D:5      | Reached skill level 5 in Fighting
  3155 | D:5      | Reached XP level 8. HP: 51/80 MP: 9/9
  3218 | D:5      | Reached skill level 8 in Unarmed Combat
  3436 | D:5      | Reached *** piety under Qazlal
  3594 | D:6      | Killed Prince Ribbit
  3925 | D:6      | Reached XP level 9. HP: 60/89 MP: 11/11
  4147 | D:7      | Noticed Jeremiah
  4168 | D:7      | Killed Jeremiah
  4169 | D:7      | Reached skill level 9 in Unarmed Combat
  4225 | D:7      | Found a hazy altar of Hepliaklqana.
  4270 | D:7      | Paralysed by a hornet for 3 turns
  4355 | D:7      | Reached skill level 10 in Unarmed Combat
  4673 | D:7      | Found a bloodstained altar of Trog.
  4803 | D:8      | Reached **** piety under Qazlal
  4822 | D:8      | Reached XP level 10. HP: 22/102 MP: 12/12
  5418 | D:9      | Reached skill level 1 in Evocations
  5487 | D:9      | Noticed a two-headed ogre
  5487 | D:9      | Noticed a cyclops
  5488 | D:9      | Noticed a five-headed hydra
  5491 | D:9      | Noticed an eight-headed hydra
  5493 | D:9      | Killed a cyclops
  5606 | D:9      | Reached skill level 11 in Unarmed Combat
  5622 | D:9      | Found a staircase to the Lair.
  5632 | D:9      | Noticed a two-headed ogre
  5660 | D:9      | Killed a five-headed hydra
  5675 | D:9      | Killed a two-headed ogre
  5678 | D:9      | Slain by an eight-headed hydra

Illustrated notes

Levels and vault maps discovered:
D:1:      wander_arrival_lonely_grave, layout_basic
D:2:      layout_basic, basic_altar
D:3:      layout_basic, minitemple, uniq_robin, uniq_sigmund
D:4:      layout_rooms, nicolae_overflow_crystal_walls, elyvilon_altar_5,
          kennysheep_path_1, hangedman_abyss_or_decor_stagger,
          hangedman_glass_garden, kennysheep_windowed_goal
D:5:      layout_rooms, serial_shops, shop_coins, uniq_pikel
D:6:      layout_loops_cross, kennysheep_mini_moat, minmay_temple_entry_glass,
          kennysheep_pointless_box, uniq_prince_ribbit1
D:7:      layout_rooms, lightli_temple_of_fire,
          nicolae_hepliaklqana_hazy_memory, nicolae_twisty_statue_hallways,
          uniq_jeremiah
D:8:      layout_loops_cross
D:9:      layout_rooms, hellmonk_lair_entry_icy, minmay_the_grid_2x2
          [minmay_the_grid_tiny_cups, minmay_the_grid_spikes,
          minmay_the_grid_tree, minmay_the_grid_prize_big_room]
Temple:   nicolae_temple_two_arcs

Skill      XL: |  1  2  3  4  5  6  7  8  9 10 |
---------------+-------------------------------+-----
Fighting       | 3 4 5 6 7 9 |  9.5
Unarmed Combat | 3 4 5 7 8 10 11 | 11.0
Throwing       | 1 |  1.0
Invocations    | 2 3 4 |  4.0
Dodging        | 2 4 |  4.0
Evocations     | 2 |  2.0
Stealth        | |  2.7

Action                     |  1- 3 |  4- 6 |  7- 9 | 10-12 || total
---------------------------+-------+-------+-------+-------++-------
  Melee: Unarmed           |    11 |   200 |   200 |    98 ||   509
         Punch             |       |     6 |     8 |     7 ||    21
  Throw: Javelin           |       |     1 |       |       ||     1
 Invoke: Elemental Force   |       |       |       |     1 ||     1
  Evoke: Wand              |       |       |     1 |     2 ||     3
    Use: Potion            |       |     5 |       |       ||     5
         Scroll            |       |       |    12 |     1 ||    13
   Stab: Sleeping          |       |     4 |       |       ||     4
         Invisible         |       |       |     1 |     1 ||     2
 Armour: Robe              |       |    66 |    78 |    48 ||   192
         Skin              |       |     1 |       |       ||     1
  Dodge: Dodged            |     5 |    79 |    73 |    55 ||   212
  Block: Other             |       |     5 |    36 |    19 ||    60

Table legend: (Time is in decaauts)
 A = Elapsed time spent in this place.
 B = Non-inter-level travel time spent in this place.
 C = Inter-level travel time spent in this place.
 D = Time resting spent in this place.
 E = Time spent auto-exploring this place.
 F = Levels seen in this place.
 G = Mean time per level.
                   A        B        C        D        E       F      G
               +--------+--------+--------+--------+--------+-----+--------+
         Total |   5616 |   5357 |    259 |    354 |   3420 |  10 |  561.6 |
       Dungeon |   5578 |   5326 |    252 |    354 |   3420 |   9 |  619.8 |
        Temple |     37 |     30 |      7 |      0 |      0 |   1 |   37.0 |
               +--------+--------+--------+--------+--------+-----+--------+

Top non-repeatable levels by time:
     D:3: 813 daAuts
     D:6: 763 daAuts
     D:2: 752 daAuts
     D:4: 724 daAuts
     D:8: 711 daAuts
     D:7: 581 daAuts
     D:5: 531 daAuts
     D:1: 504 daAuts
     D:9: 196 daAuts
  Temple: 37 daAuts
